[Event "ICC tourney 2517 (60 10)"]
[Site "Internet Chess Club"]
[Date "2021.04.18"]
[Round "5"]
[White "GOLDSTEIN, ARAV MICAH:LoopyLoop"]
[Black "ZHUGE, KATHERINE:FlowingMelody"]
[Result "1-0"]
[ICCResult "Black checkmated"]
[WhiteElo "1649"]
[BlackElo "1428"]
[Opening "Giuoco Piano"]
[ECO "C54"]
[NIC "IG.02"]
[Time "13:26:10"]
[PlyCount "107"]
[TimeControl "3600+10"]

1. e4 e5 2. Nf3 Nc6 3. Bc4 Bc5 4. c3 Nf6 5. d3 d6 6. Nbd2 O-O 7. O-O a6 8.
Bb3 Ne7 9. d4 exd4 10. cxd4 Ba7 11. Re1 Ng6 12. Nf1 Be6 13. Bc2 Qd7 14. h3
c6 15. Ng3 Qc7 16. Bg5 Nd7 17. d5 cxd5 18. exd5 Qc5 19. dxe6 Qxf2+ 20. Kh1
Qxg3 21. exd7 f6 22. Qd5+ Kh8 23. Be3 Bxe3 24. Rxe3 Nf4 25. Qd2 Rad8 26.
Nd4 Qg5 27. Re4 Nxh3 28. Qe1 Nf4 29. Rxf4 Qxf4 30. Ne6 Qh6+ 31. Kg1 Qh5 32.
Nxd8 Qc5+ 33. Kh1 Qh5+ 34. Kg1 Rxd8 35. Bf5 Qf7 36. Rc1 g6 37. Rc8 gxf5 38.
Rxd8+ Kg7 39. Qe8 Qc4 40. Qf8+ Kg6 41. Qg8+ Qxg8 42. Rxg8+ Kf7 43. d8=Q Ke6
44. Re8+ Kd5 45. Qxf6 Kc4 46. Qe6+ Kd4 47. Qe3+ Kc4 48. Rc8+ Kd5 49. Qd3+
Ke5 50. Re8+ Kf4 51. Qe3+ Kg4 52. Rg8+ Kh4 53. Qg3+ Kh5 54. Qg5# { Black
checkmated } 1-0

[Event "ICC tourney 2517 (60 10)"]
[Site "Internet Chess Club"]
[Date "2021.04.18"]
[Round "5"]
[White "Krishna, Rohan:RohanKrishna"]
[Black "VIKAS, HEMA:madscience08"]
[Result "1-0"]
[ICCResult "Black checkmated"]
[WhiteElo "1702"]
[BlackElo "1562"]
[Opening "Sicilian: Najdorf, 6.f4"]
[ECO "B93"]
[NIC "SI.12"]
[Time "13:26:29"]
[PlyCount "87"]
[TimeControl "3600+10"]

1. e4 c5 2. Nf3 d6 3. d4 cxd4 4. Nxd4 Nf6 5. Nc3 a6 6. f4 e5 7. Nf3 Nbd7 8.
Bd3 Be7 9. O-O O-O 10. a4 Qc7 11. Qe2 Nc5 12. Bd2 Nxd3 13. cxd3 Bg4 14.
Rac1 Qb6+ 15. Be3 Qa5 16. h3 exf4 17. Bxf4 Bh5 18. d4 Qb6 19. Qd2 Rfd8 20.
Kh1 d5 21. e5 Ne4 22. Qe2 Ng5 23. Rcd1 Nxf3 24. gxf3 Qe6 25. Qg2 Qf5 26.
Bh6 Bg6 27. Be3 Qe6 28. f4 Bf5 29. Kh2 Bb4 30. Rg1 g6 31. Bf2 Rdc8 32. Nxd5
Ba5 33. Nf6+ Kg7 34. Rc1 Rxc1 35. Rxc1 Bd2 36. Nh5+ Kf8 37. Rd1 Ba5 38. d5
Qc8 39. Nf6 Kg7 40. Be3 Bxh3 41. Qxh3 Qc2+ 42. Kg3 Qxd1 43. Qxh7+ Kf8 44.
Bc5# { Black checkmated } 1-0

[Event "ICC tourney 2517 (60 10)"]
[Site "Internet Chess Club"]
[Date "2021.04.18"]
[Round "5"]
[White "RAMKUMAR, ADITYA:aditya7708"]
[Black "CHAKRAVARTY, ARITRO:aritroc"]
[Result "0-1"]
[ICCResult "White resigns"]
[WhiteElo "1627"]
[BlackElo "1881"]
[Opening "Sicilian defense"]
[ECO "B33"]
[NIC "SI.34"]
[Time "13:26:05"]
[PlyCount "76"]
[TimeControl "3600+10"]

1. e4 c5 2. Nf3 Nc6 3. d4 cxd4 4. Nxd4 Nf6 5. Nc3 e6 6. Be3 Bb4 7. f3 d5 8.
Nxc6 bxc6 9. e5 Nd7 10. f4 O-O 11. a3 Be7 12. Be2 a5 13. O-O Ba6 14. Bxa6
Rxa6 15. Qe2 Ra8 16. Bf2 Qc7 17. Kh1 Rfb8 18. Rab1 Nb6 19. Bg3 Nc4 20. f5
Rxb2 21. Rxb2 Nxb2 22. f6 Bxa3 23. Qg4 g6 24. Ne2 Nc4 25. Qg5 Rb8 26. Nd4
Bc5 27. h4 Qc8 28. Rf4 Rb1+ 29. Kh2 h5 30. Bf2 Nxe5 31. Qxe5 Ba7 32. Nf5
Bb8 33. Nd6 Qd7 34. Bb6 Bxd6 35. Qg5 Bxf4+ 36. Qxf4 Rxb6 37. Qh6 Qd6+ 38.
Kh3 Qf8 { White resigns } 0-1

[Event "ICC tourney 2517 (60 10)"]
[Site "Internet Chess Club"]
[Date "2021.04.18"]
[Round "5"]
[White "TAI, EMILY:ETfhonehome"]
[Black "CAO, KAYLEE:K624"]
[Result "1-0"]
[ICCResult "Black checkmated"]
[WhiteElo "1297"]
[BlackElo "1299"]
[Opening "French: Marshall variation"]
[ECO "C10"]
[NIC "FR.04"]
[Time "13:26:20"]
[PlyCount "159"]
[TimeControl "3600+10"]

1. e4 e6 2. Nc3 d5 3. d4 c5 4. e5 Nc6 5. Bb5 Bd7 6. Nf3 Qb6 7. Bxc6 Bxc6 8.
O-O Ne7 9. dxc5 Qxc5 10. Be3 Qa5 11. a3 Ng6 12. Ne2 Qc7 13. Bd4 Be7 14. Qd2
Bb5 15. Rfe1 Bxe2 16. Rxe2 h6 17. c3 O-O 18. Be3 Nxe5 19. Nxe5 Qxe5 20.
Bxh6 Qh5 21. Bf4 Bf6 22. Re3 Bg5 23. Rh3 Bxf4 24. Qxf4 Qg6 25. Qh4 f6 26.
Qh8+ Kf7 27. Qh5 Qxh5 28. Rxh5 Rh8 29. Rxh8 Rxh8 30. g4 Rh4 31. f3 Rh8 32.
Rd1 Ke7 33. Rd4 Kd6 34. c4 Rc8 35. cxd5 exd5 36. Rd2 a6 37. h4 Re8 38. Kg2
Re3 39. Kf2 Re8 40. Kg3 Rc8 41. Kf4 Rh8 42. h5 Ke6 43. b3 Rc8 44. Rd3 Rc2
45. Re3+ Kf7 46. Kf5 d4 47. Rd3 Rc3 48. Ke4 Rxd3 49. Kxd3 Ke6 50. Kxd4 Kd6
51. b4 b6 52. a4 b5 53. a5 Kc6 54. Ke4 Kd6 55. Kf5 Ke7 56. Kg6 Kf8 57. f4
Kg8 58. g5 fxg5 59. fxg5 Kf8 60. h6 gxh6 61. gxh6 Kg8 62. Kf6 Kh7 63. Ke6
Kxh6 64. Kd6 Kg7 65. Kc6 Kf8 66. Kb6 Ke8 67. Kxa6 Kd8 68. Kb7 Kd7 69. a6
Kd6 70. a7 Kd5 71. a8=Q Kc4 72. Qa5 Kc3 73. Qxb5 Kb3 74. Qd5+ Ka4 75. b5
Ka5 76. b6+ Kb4 77. Kc7 Ka4 78. b7 Ka3 79. b8=R Ka4 80. Qa8# { Black
checkmated } 1-0

[Event "ICC tourney 2517 (60 10)"]
[Site "Internet Chess Club"]
[Date "2021.04.18"]
[Round "5"]
[White "MUNDAYAT, Abinav Rajiv:carlsthe1"]
[Black "NANUGONDA, VISHVA:Vish1080"]
[Result "1-0"]
[ICCResult "Black resigns"]
[WhiteElo "2124"]
[BlackElo "1832"]
[Opening "Sicilian: Labourdonnais-Löwenthal (Kalashnikov) variation"]
[ECO "B32"]
[NIC "SI.32"]
[Time "13:26:27"]
[PlyCount "93"]
[TimeControl "3600+10"]

1. e4 c5 2. Nf3 Nc6 3. d4 cxd4 4. Nxd4 e5 5. Nb5 d6 6. N1c3 a6 7. Na3 Be7
8. Nd5 Nf6 9. Nxf6+ Bxf6 10. Bc4 O-O 11. O-O Be6 12. Be3 Qe7 13. c3 Rfd8
14. Bd5 Bxd5 15. Qxd5 Qe6 16. Rfd1 Qxd5 17. Rxd5 Ne7 18. Rd2 Rac8 19. Rad1
Rc6 20. Nc2 a5 21. Na3 Nc8 22. c4 b6 23. b3 Be7 24. Nb5 f6 25. Nc3 Kf7 26.
Rd5 Ke6 27. Na4 Rd7 28. c5 b5 29. cxd6 Rdxd6 30. Nc5+ Kf7 31. Nb7 Rxd5 32.
exd5 Ra6 33. Rc1 Nd6 34. Rc7 Nxb7 35. Rxb7 Ke8 36. Rxb5 a4 37. g3 axb3 38.
axb3 Ra1+ 39. Kg2 Rb1 40. Bd2 f5 41. Ba5 g5 42. Bc7 Re1 43. d6 Bf6 44. Rb8+
Kd7 45. Rf8 Ke6 46. Rxf6+ Kxf6 47. d7 { Black resigns } 1-0

[Event "ICC tourney 2517 (60 10)"]
[Site "Internet Chess Club"]
[Date "2021.04.18"]
[Round "5"]
[White "PUPPALLA, PRANAY:checkmate1823"]
[Black "Sheppard, Henry Saadi:henrysaadi"]
[Result "1-0"]
[ICCResult "Black checkmated"]
[WhiteElo "1703"]
[BlackElo "1388"]
[Opening "Queen's pawn, Mason variation"]
[ECO "D00"]
[NIC "QP.08"]
[Time "13:26:19"]
[PlyCount "121"]
[TimeControl "3600+10"]

1. d4 d5 2. Bf4 Nf6 3. e3 e6 4. Nf3 Be7 5. Ne5 Nbd7 6. Nd2 O-O 7. Bd3 c5 8.
c3 c4 9. Bc2 Qb6 10. b3 cxb3 11. axb3 Bd6 12. c4 Qc7 13. Nxd7 Bxd7 14. Bxd6
Qxd6 15. O-O e5 16. Nf3 e4 17. Ne5 Be6 18. Qe2 Nd7 19. Nxd7 Qxd7 20. Ra3
Bg4 21. Qd2 Bf3 22. gxf3 exf3 23. Kh1 Qh3 24. Rg1 Rfd8 25. Qe1 Rd6 26. Rg3
Qh5 27. Qg1 g6 28. Bd1 Rf6 29. Ra5 Rd8 30. Rxd5 Rxd5 31. cxd5 Qxd5 32. h3
Qh5 33. Kh2 Qd5 34. Qh1 Kg7 35. Rxf3 Qd6+ 36. Kg1 Re6 37. Qh2 Qb4 38. Kg2
Qe7 39. Rg3 Rf6 40. h4 Qe4+ 41. Bf3 Qc2 42. h5 Qxb3 43. hxg6 fxg6 44. Rh3
h5 45. Qc7+ Rf7 46. Qe5+ Kh6 47. Bd5 Rxf2+ 48. Kxf2 Qc2+ 49. Kf3 Qd1+ 50.
Kg3 Qe1+ 51. Kh2 Qe2+ 52. Bg2 b5 53. Qf4+ Kg7 54. Qe5+ Kh6 55. Rg3 b4 56.
Qg5+ Kg7 57. Qxg6+ Kf8 58. Rf3+ Qxf3 59. Bxf3 b3 60. Qd6+ Ke8 61. Bxh5# {
Black checkmated } 1-0

[Event "ICC tourney 2517 (60 10)"]
[Site "Internet Chess Club"]
[Date "2021.04.18"]
[Round "5"]
[White "JIANG, ANDY:anan193"]
[Black "BURTON, HENRY:HPenguin"]
[Result "0-1"]
[ICCResult "White resigns"]
[WhiteElo "1618"]
[BlackElo "1828"]
[Opening "QGA: 3.e4"]
[ECO "D20"]
[NIC "QG.04"]
[Time "13:26:33"]
[PlyCount "82"]
[TimeControl "3600+10"]

1. d4 d5 2. c4 dxc4 3. e4 b5 4. a4 c6 5. Nc3 a6 6. axb5 cxb5 7. Nxb5 axb5
8. Rxa8 Bb7 9. Ra1 e6 10. Nf3 Bxe4 11. Bd2 Nc6 12. Be2 Nxd4 13. Nxd4 Qxd4
14. Bf3 Nf6 15. O-O Be7 16. Bxe4 Qxe4 17. Re1 Qb7 18. Be3 Nd5 19. Ra7 Qb8
20. Qa1 O-O 21. Qa6 Nb4 22. Qb7 Nc2 23. Re2 Nxe3 24. Qxe7 Nd5 25. Qb7 b4
26. Rc2 c3 27. bxc3 bxc3 28. g3 g6 29. Kg2 Kg7 30. Qd7 Qb3 31. Raa2 Nb4 32.
Qd4+ Kg8 33. Rxc3 Qxa2 34. Qxb4 Qd5+ 35. Kh3 h5 36. f3 Ra8 37. Qf4 Ra2 38.
Qh6 Qf5+ 39. g4 hxg4+ 40. fxg4 Qf1+ 41. Kg3 Qe1+ { White resigns } 0-1

[Event "ICC tourney 2517 (60 10)"]
[Site "Internet Chess Club"]
[Date "2021.04.18"]
[Round "5"]
[White "LUKOSE, JOYCE:IcePotato"]
[Black "YEE, AUSTEN:kleeno2"]
[Result "1/2-1/2"]
[ICCResult "Game drawn by mutual agreement"]
[WhiteElo "1271"]
[BlackElo "894"]
[Opening "King's Indian defense, 3.Nc3"]
[ECO "E61"]
[NIC "KI.80"]
[Time "13:26:24"]
[PlyCount "158"]
[TimeControl "3600+10"]

1. d4 Nf6 2. c4 g6 3. Nc3 Bg7 4. Nf3 O-O 5. Bf4 d6 6. e3 Re8 7. Bd3 h6 8.
O-O e5 9. dxe5 dxe5 10. Bxe5 Nc6 11. Bg3 Bg4 12. Be2 Qc8 13. Qc2 Qe6 14. c5
Rac8 15. Rad1 Nb4 16. Qa4 Nc6 17. Nb5 Nd5 18. Bc4 Nb6 19. cxb6 Qf6 20. bxa7
Bxf3 21. gxf3 Ne5 22. Be2 Bf8 23. Rd2 c6 24. Nc3 Qe6 25. Rfd1 b5 26. Qb3
Qe7 27. f4 Nc4 28. Bxc4 bxc4 29. Qxc4 Qxa7 30. Rd7 Rc7 31. Rxc7 Qxc7 32. f5
Qc8 33. fxg6 Re6 34. gxf7+ Kxf7 35. Rd6 Bxd6 36. Bxd6 Ke8 37. Bf4 Rg6+ 38.
Kf1 Qg4 39. Qe4+ Kd7 40. Qd4+ Ke7 41. Qe5+ Kf7 42. Qc7+ Ke8 43. Bg3 h5 44.
Qf4 Qxf4 45. Bxf4 Kd7 46. Ke2 Ke6 47. Kf3 Kf5 48. e4+ Ke6 49. b4 Kd7 50. b5
cxb5 51. Nxb5 Ra6 52. Nc3 Ra3 53. Be5 Ra8 54. Kg3 Ke6 55. Bf4 Kf6 56. Kh4
Kg6 57. e5 Ra3 58. Bd2 Ra5 59. f4 Ra8 60. a4 Kf5 61. Be3 Rc8 62. Nd5 Ke4
63. Nb6 Rc2 64. Bg1 Rg2 65. Bc5 Kxf4 66. Kxh5 Rxh2+ 67. Kg6 Kxe5 68. a5 Rc2
69. Bb4 Ra2 70. Kf7 Kd4 71. Ke6 Kd3 72. Kd6 Kc2 73. Kc6 Kb3 74. Kb5 Rh2 75.
a6 Rh5+ 76. Bc5 Rh7 77. Nd5 Kc2 78. a7 Rxa7 79. Bxa7 Kb3 { Game drawn by
mutual agreement } 1/2-1/2

[Event "ICC tourney 2517 (60 10)"]
[Site "Internet Chess Club"]
[Date "2021.04.18"]
[Round "5"]
[White "BAILEY, AIDEN:upcomingmaster"]
[Black "LOCHAM, DIVJOT SINGH:winner08"]
[Result "0-1"]
[ICCResult "White resigns"]
[WhiteElo "1549"]
[BlackElo "1809"]
[Opening "Queen's pawn game"]
[ECO "D00"]
[NIC "QP.07"]
[Time "13:26:14"]
[PlyCount "98"]
[TimeControl "3600+10"]

1. d4 Nf6 2. Nc3 d5 3. Bf4 g6 4. Nf3 Bg7 5. e3 O-O 6. Be2 Nbd7 7. Ne5 c5 8.
h4 h5 9. Qd2 Ne4 10. Nxe4 dxe4 11. O-O-O cxd4 12. exd4 Nxe5 13. Bxe5 Qb6
14. Bxg7 Kxg7 15. Qf4 Qe6 16. d5 Qf5 17. Qxf5 gxf5 18. Bxh5 Rd8 19. Be2 b6
20. Bc4 Bb7 21. h5 Rd6 22. Bb3 Rad8 23. c4 Rc8 24. Rh3 Bxd5 25. Rc3 Be6 26.
Rxd6 exd6 27. Kd2 Kh6 28. Ke3 Kxh5 29. Kf4 Kg6 30. g4 fxg4 31. Kxe4 Kg5 32.
f4+ Kh4 33. f5 Bd7 34. Kf4 Rg8 35. Rg3 Bxf5 36. Rg1 g3 37. Bd1 Bh3 38. Bf3
f5 39. b3 g2 40. Be2 Re8 41. Bf3 Re6 42. Rc1 Rg6 43. Rg1 Rg3 44. Bd5 Rg4+
45. Kxf5 Rxc4+ 46. Kg6 Rf4 47. Bc4 Kg3 48. Bf1 Rxf1 49. Rxf1 gxf1=Q { White
resigns } 0-1

[Event "ICC tourney 2517 (60 10)"]
[Site "Internet Chess Club"]
[Date "2021.04.18"]
[Round "5"]
[White "LANCMAN, KYLE B:Kyle2007"]
[Black "Kulkarni, Tanush:TeeKay2020"]
[Result "1-0"]
[ICCResult "Black checkmated"]
[WhiteElo "2049"]
[BlackElo "1732"]
[Opening "French: Winawer (Nimzovich) variation"]
[ECO "C15"]
[NIC "FR.08"]
[Time "13:26:31"]
[PlyCount "105"]
[TimeControl "3600+10"]

1. e4 e6 2. d4 d5 3. Nc3 Bb4 4. exd5 exd5 5. Bd3 Nf6 6. Ne2 O-O 7. O-O c6
8. a3 Bd6 9. Bf4 Bg4 10. f3 Bh5 11. Qd2 Bg6 12. Bxg6 hxg6 13. Bxd6 Qxd6 14.
Ng3 Nbd7 15. f4 Nh5 16. Nxh5 gxh5 17. Qe2 Nf6 18. Rae1 Rae8 19. Qf3 Qd7 20.
Re5 b6 21. h3 Qd8 22. Kh2 g6 23. Qg3 Kh7 24. f5 Rxe5 25. dxe5 Ne4 26. Nxe4
dxe4 27. e6 g5 28. f6 Qd5 29. e7 Re8 30. h4 Kg6 31. Qxg5+ Qxg5 32. hxg5
Kxg5 33. Kg1 c5 34. Rf2 b5 35. Kf1 b4 36. a4 c4 37. Ke2 a5 38. Ke3 c3 39.
b3 Kg6 40. Kxe4 Kg5 41. Ke5 Kg6 42. Kd6 Ra8 43. Kc6 Re8 44. Kd7 Ra8 45.
e8=Q Rxe8 46. Kxe8 Kg5 47. Kxf7 h4 48. Kg7 Kg4 49. f7 Kg3 50. f8=Q Kh2 51.
g4+ Kh1 52. Qf3+ Kg1 53. Qg2# { Black checkmated } 1-0

[Event "ICC tourney 2517 (60 10)"]
[Site "Internet Chess Club"]
[Date "2021.04.18"]
[Round "5"]
[White "PICHUGOV, ANDREY:AcridLeaf"]
[Black "KARUNAKARAN, KAPILAN:kapilank"]
[Result "1/2-1/2"]
[ICCResult "Game drawn by mutual agreement"]
[WhiteElo "1585"]
[BlackElo "1866"]
[Opening "Sicilian: dragon, classical, Richter variation"]
[ECO "B73"]
[NIC "SI.15"]
[Time "13:26:33"]
[PlyCount "105"]
[TimeControl "3600+10"]

1. e4 c5 2. Nf3 d6 3. d4 cxd4 4. Nxd4 Nf6 5. Nc3 g6 6. Be2 Bg7 7. O-O O-O
8. Be3 Nc6 9. Qd2 a6 10. Rad1 Bd7 11. Nxc6 Bxc6 12. f3 Rc8 13. Qe1 Nd7 14.
Bd3 b5 15. Qf2 Ba8 16. Bd4 Bxd4 17. Qxd4 Qb6 18. Qxb6 Nxb6 19. Rfe1 Rc7 20.
Ne2 Na4 21. b3 Nb2 22. Rd2 Nxd3 23. cxd3 e5 24. d4 f6 25. d5 Rfc8 26. Ng3
a5 27. Ree2 Bb7 28. b4 axb4 29. Rb2 Ba6 30. Rxb4 Rc4 31. Rb1 Rc1+ 32. Rxc1
Rxc1+ 33. Kf2 Kf7 34. Rb2 Ke7 35. Nf1 Kd7 36. Nd2 f5 37. Nb3 Rc3 38. Na5 h6
39. Nc6 Bb7 40. Na7 Ba6 41. Nxb5 Bxb5 42. Rxb5 Rc2+ 43. Kg3 f4+ 44. Kh3 Kc7
45. Ra5 Kb7 46. Ra3 h5 47. Rb3+ Kc7 48. Ra3 Kb7 49. Rb3+ Kc7 50. a4 Ra2 51.
Rc3+ Kd7 52. Rc4 g5 53. g3 { Game drawn by mutual agreement } 1/2-1/2

[Event "ICC tourney 2517 (60 10)"]
[Site "Internet Chess Club"]
[Date "2021.04.18"]
[Round "5"]
[White "DESAI, VED:Zuiopal"]
[Black "SHERIF, SAMEER:SAsameer"]
[Result "0-1"]
[ICCResult "White checkmated"]
[WhiteElo "1628"]
[BlackElo "1428"]
[Opening "QGD Slav defense"]
[ECO "D10"]
[NIC "SL.01"]
[Time "13:26:22"]
[PlyCount "82"]
[TimeControl "3600+10"]

1. d4 d5 2. c4 c6 3. Nc3 Nf6 4. cxd5 cxd5 5. Bf4 Bf5 6. e3 Nc6 7. a3 e6 8.
Nf3 Bd6 9. Bxd6 Qxd6 10. Bd3 Bxd3 11. Qxd3 Rc8 12. b4 Ne7 13. O-O O-O 14.
Rfc1 a6 15. Na4 Rxc1+ 16. Rxc1 Rc8 17. Rxc8+ Nxc8 18. Nc5 b5 19. h3 Qb6 20.
Ne5 a5 21. f4 Nd6 22. g4 Nc4 23. g5 Nh5 24. f5 axb4 25. fxe6 fxe6 26. axb4
Ng3 27. Kg2 Nf5 28. Nxc4 bxc4 29. Qa3 Kf7 30. Nd7 Qc7 31. Ne5+ Ke8 32. Qa8+
Ke7 33. Kf3 c3 34. b5 c2 35. Nc6+ Kf7 36. Ne5+ Qxe5 37. Qb7+ Kg6 38. dxe5
c1=Q 39. Qd7 Qf1+ 40. Kg4 Qg2+ 41. Kf4 Qg3# { White checkmated } 0-1

[Event "ICC tourney 2517 (60 10)"]
[Site "Internet Chess Club"]
[Date "2021.04.18"]
[Round "5"]
[White "MYSORE, ABHINAV NAVEEN:Mapking1"]
[Black "Ho, Jasper:coolhacker1234"]
[Result "1/2-1/2"]
[ICCResult "Game drawn by mutual agreement"]
[WhiteElo "1999"]
[BlackElo "1741"]
[Opening "Ruy Lopez: 5.O-O"]
[ECO "C78"]
[NIC "RL.12"]
[Time "13:26:32"]
[PlyCount "89"]
[TimeControl "3600+10"]

1. e4 e5 2. Nf3 Nc6 3. Bb5 a6 4. Ba4 Nf6 5. O-O b5 6. Bb3 Bc5 7. c3 d6 8.
d4 Bb6 9. a4 Rb8 10. Qd3 Bd7 11. axb5 axb5 12. Na3 O-O 13. Nxb5 Bg4 14. Bg5
h6 15. Bh4 Bxf3 16. gxf3 exd4 17. Nxd4 Nxd4 18. cxd4 Bxd4 19. Bxf7+ Rxf7
20. Qxd4 Qd7 21. Kg2 Nh5 22. Bg3 Rbf8 23. Qd5 Nf6 24. Qc4 Kh8 25. Rfc1 Nh5
26. Ra7 Rxf3 27. Rxc7 Qg4 28. Rf1 Nf4+ 29. Kh1 Qh3 30. Bxf4 R3xf4 31. Qe2
Rxe4 32. Rc3 Qxc3 33. Qxe4 Qxb2 34. Qe7 Qf6 35. Qxf6 Rxf6 36. Kg2 Kg8 37.
Ra1 Kf7 38. Ra7+ Kg6 39. Rd7 Re6 40. Kg3 Kf6 41. h4 g5 42. hxg5+ hxg5 43.
f4 gxf4+ 44. Kxf4 Kg6 45. Rd8 { Game drawn by mutual agreement } 1/2-1/2

[Event "ICC tourney 2517 (60 10)"]
[Site "Internet Chess Club"]
[Date "2021.04.18"]
[Round "5"]
[White "Awad, Rania:raawad"]
[Black "NAKADA, JOHJI DAVID:turtlemasterjo"]
[Result "1/2-1/2"]
[ICCResult "Game drawn by mutual agreement"]
[WhiteElo "1409"]
[BlackElo "1624"]
[Opening "Queen's pawn: London system"]
[ECO "A45"]
[NIC "QP.07"]
[Time "13:26:26"]
[PlyCount "92"]
[TimeControl "3600+10"]

1. d4 Nf6 2. Bf4 d5 3. e3 e6 4. Nf3 Bd6 5. Bg3 O-O 6. Bd3 b6 7. O-O Ba6 8.
Bxa6 Nxa6 9. c3 c5 10. Nbd2 Nb8 11. Ne5 Qc7 12. Re1 Nfd7 13. Nxd7 Nxd7 14.
Bxd6 Qxd6 15. Nf3 Rfe8 16. dxc5 bxc5 17. e4 Nb6 18. exd5 exd5 19. Qc2 Nd7
20. Rad1 Ne5 21. Nxe5 Rxe5 22. Rxe5 Qxe5 23. g3 h6 24. Qd2 Rd8 25. Re1 Qf6
26. Re3 d4 27. Rd3 Kh7 28. cxd4 cxd4 29. a3 Qg5 30. Qxg5 hxg5 31. Kg2 g4
32. f3 f5 33. f4 Kg6 34. Kf2 Kf6 35. Rd2 g5 36. fxg5+ Kxg5 37. Ke2 f4 38.
gxf4+ Kxf4 39. Kd3 Kf3 40. b4 Re8 41. a4 Rc8 42. Rb2 Re8 43. Kxd4 Re4+ 44.
Kd3 Re3+ 45. Kd4 Re4+ 46. Kd3 Re3+ { Game drawn by mutual agreement }
1/2-1/2

[Event "ICC tourney 2517 (60 10)"]
[Site "Internet Chess Club"]
[Date "2021.04.18"]
[Round "5"]
[White "AGARAM, JYOTSNA:Jagaram"]
[Black "Kashyap, Mahati B:mnm1"]
[Result "0-1"]
[ICCResult "White checkmated"]
[WhiteElo "1335"]
[BlackElo "1580"]
[Opening "Sicilian"]
[ECO "B50"]
[NIC "SI.01"]
[Time "13:26:19"]
[PlyCount "134"]
[TimeControl "3600+10"]

1. e4 c5 2. Nf3 d6 3. Nc3 Nc6 4. Bb5 Bd7 5. O-O Nf6 6. Re1 e5 7. Bc4 Be7 8.
h3 O-O 9. a3 a6 10. d3 b5 11. Ba2 Rc8 12. Be3 Nd4 13. Nd2 Qc7 14. Ne2 Be6
15. b3 d5 16. Rc1 Qa5 17. Nb1 dxe4 18. c3 exd3 19. Qxd3 Nxb3 20. Bxb3 Bxb3
21. Nd2 Be6 22. Ra1 Rfd8 23. Qc2 Rd7 24. c4 Rcd8 25. Qc3 Qxc3 26. Nxc3 bxc4
27. Nde4 Nxe4 28. Nxe4 Rd5 29. Kf1 Bf5 30. f3 Bxe4 31. fxe4 Rd3 32. Ke2 Kf8
33. Red1 Rxd1 34. Rxd1 Rxd1 35. Kxd1 Ke8 36. Kc2 Kd7 37. Kc3 Kc6 38. Kxc4
h5 39. a4 a5 40. g3 g6 41. h4 f5 42. exf5 gxf5 43. Bg5 Bd6 44. Bh6 e4 45.
Bf4 Bxf4 46. gxf4 e3 47. Kd3 Kd5 48. Kxe3 Kc4 49. Kd2 Kb3 50. Kd3 c4+ 51.
Kd2 Kb2 52. Kd1 c3 53. Ke2 c2 54. Kd3 c1=Q 55. Kd4 Qxf4+ 56. Kc5 Qxa4 57.
Kd5 Qxh4 58. Ke5 f4 59. Ke6 f3 60. Kd6 f2 61. Ke6 f1=Q 62. Kd6 a4 63. Ke6
a3 64. Kd6 a2 65. Ke6 a1=Q 66. Kd6 Qaa6+ 67. Kd5 Qf5# { White checkmated }
0-1

[Event "ICC tourney 2517 (60 10)"]
[Site "Internet Chess Club"]
[Date "2021.04.18"]
[Round "5"]
[White "MERCHANT, AENEAS:Aeneas"]
[Black "HUANG, KYLAN Z:KylanHuang"]
[Result "0-1"]
[ICCResult "White resigns"]
[WhiteElo "1685"]
[BlackElo "1890"]
[Opening "Giuoco Pianissimo"]
[ECO "C50"]
[NIC "IG.02"]
[Time "13:26:08"]
[PlyCount "99"]
[TimeControl "3600+10"]

1. e4 e5 2. Nf3 Nc6 3. Bc4 Bc5 4. d3 Nf6 5. O-O d6 6. Bg5 h6 7. Bh4 Bg4 8.
h3 Be6 9. Bb3 Qd7 10. Bxe6 fxe6 11. Re1 O-O-O 12. c3 g5 13. Bg3 Bb6 14. b4
h5 15. h4 gxh4 16. Bxh4 Qg7 17. Ng5 Rhg8 18. Qf3 Kd7 19. a4 Rdf8 20. Qh3
Ng4 21. Nf3 a6 22. Nbd2 Ne7 23. Rf1 Ng6 24. Bg3 Nf4 25. Bxf4 Rxf4 26. Ra2
Nh6 27. Nh2 Rgf8 28. Ndf3 Ng4 29. Re2 Nxh2 30. Kxh2 Qg4 31. Rd2 Qg6 32. Re2
Rg4 33. Rd2 Qh6 34. Re2 Qf4+ 35. Kh1 Rfg8 36. Rg1 R8g6 37. Rd2 Rh6 38. Re2
h4 39. Rf1 Rhg6 40. Rg1 Ke8 41. Rc2 Rh6 42. Re2 Bxf2 43. Rxf2 Rg3 44. Qh2
h3 45. gxh3 Rgxh3 46. Rg8+ Kd7 47. Rg7+ Ke8 48. Rg8+ Ke7 49. Rg7+ Kf8 50.
Rh7 { White resigns } 0-1

[Event "ICC tourney 2517 (60 10)"]
[Site "Internet Chess Club"]
[Date "2021.04.18"]
[Round "5"]
[White "DINGLASAN, MATTHEW S:jedimastermatt"]
[Black "BROWN, MADISON:USChessNinja"]
[Result "0-1"]
[ICCResult "White resigns"]
[WhiteElo "1547"]
[BlackElo "1740"]
[Opening "King's Indian: London system"]
[ECO "A48"]
[NIC "QP.03"]
[Time "13:26:29"]
[PlyCount "114"]
[TimeControl "3600+10"]

1. d4 Nf6 2. Nf3 g6 3. Bf4 Bg7 4. e3 O-O 5. Be2 b6 6. h3 Bb7 7. O-O d5 8.
Nbd2 c5 9. c3 Ne4 10. Nxe4 dxe4 11. Nd2 e6 12. Nb3 Qe7 13. dxc5 bxc5 14.
Bd6 Qg5 15. Bxf8 Bxf8 16. Qd2 e5 17. Rad1 Nc6 18. Bc4 Rd8 19. Qe2 Bc8 20.
Rxd8 Nxd8 21. f4 exf3 22. Qxf3 e4 23. Qf4 Qxf4 24. Rxf4 Bd6 25. Rxe4 Bd7
26. Bd5 Kg7 27. a4 f5 28. Rc4 Ne6 29. e4 h5 30. e5 Bf8 31. Nd2 g5 32. b4
Nc7 33. Bb7 Bxa4 34. bxc5 Bb5 35. Rb4 Bxc5+ 36. Kh1 Bxb4 37. cxb4 Ba6 38.
Bc6 Bd3 39. Nf3 Ne6 40. Bd5 Nf4 41. Bc6 g4 42. hxg4 fxg4 43. Nd4 h4 44. Bd7
g3 45. Bc6 Ng6 46. Nf3 Be2 47. Be4 Bxf3 48. gxf3 Nf4 49. Bf5 Nd5 50. b5 Kf7
51. Bg4 Ke7 52. Kg2 Ne3+ 53. Kh3 Nxg4 54. fxg4 Ke6 55. g5 Kxe5 56. g6 Kf6
57. g7 Kxg7 { White resigns } 0-1

[Event "ICC tourney 2517 (60 10)"]
[Site "Internet Chess Club"]
[Date "2021.04.18"]
[Round "5"]
[White "Aravindakshan, Sahana:TigerSahi"]
[Black "LANCMAN, KALEB:kaleblancman"]
[Result "0-1"]
[ICCResult "White resigns"]
[WhiteElo "1626"]
[BlackElo "1839"]
[Opening "Queen's gambit accepted"]
[ECO "D20"]
[NIC "QG.03"]
[Time "13:26:08"]
[PlyCount "118"]
[TimeControl "3600+10"]

1. d4 d5 2. c4 dxc4 3. e3 Nf6 4. Bxc4 a6 5. Bb3 e6 6. Nc3 Be7 7. Nf3 b5 8.
O-O Bb7 9. a3 Nbd7 10. Bd2 c5 11. dxc5 Nxc5 12. Ba2 O-O 13. Qe2 Qc7 14.
Rac1 Rfd8 15. Bb1 Nb3 16. Rc2 Bxf3 17. gxf3 Rxd2 18. Rxd2 Nxd2 19. Qxd2 Rd8
20. Qc2 Rc8 21. Rc1 Qc5 22. Qd3 Qh5 23. Qd1 Rd8 24. Qe2 Bd6 25. f4 Ng4 26.
f3 Nf6 27. Rd1 Bc7 28. Rxd8+ Bxd8 29. Qd3 Bb6 30. Qe2 Qc5 31. Kf2 Nh5 32.
Qd3 g6 33. Ne4 Qc1 34. Nd2 Qh1 35. Qd6 Qxh2+ 36. Ke1 Qg1+ 37. Nf1 Ng3 38.
Qd3 Nxf1 39. Qxf1 Qxe3+ 40. Kd1 Qxf4 41. Be4 Qe3 42. Qg2 Qd4+ 43. Kc1 Kg7
44. Qd2 h5 45. Kd1 h4 46. Qxd4+ Bxd4 47. b3 h3 48. Ke2 f5 49. Bb7 e5 50.
Kf1 Kh6 51. Bxa6 Kh5 52. Bxb5 Kh4 53. Bc6 Kg3 54. f4 e4 55. a4 h2 56. a5
h1=Q+ 57. Ke2 Qf3+ 58. Kd2 Qd3+ 59. Kc1 Bc3 { White resigns } 0-1

[Event "ICC tourney 2517 (60 10)"]
[Site "Internet Chess Club"]
[Date "2021.04.18"]
[Round "5"]
[White "DASARI, SUSHMA REDDY:sushmadasari"]
[Black "Gyorgy, Zalan:z88"]
[Result "1-0"]
[ICCResult "Black checkmated"]
[WhiteElo "1716"]
[BlackElo "1418"]
[Opening "French: Tarrasch, closed variation"]
[ECO "C05"]
[NIC "FR.17"]
[Time "13:26:07"]
[PlyCount "85"]
[TimeControl "3600+10"]

1. e4 e6 2. d4 d5 3. Nd2 Nf6 4. e5 Nfd7 5. Bd3 c5 6. c3 Nc6 7. Ne2 Qb6 8.
Nf3 Be7 9. O-O O-O 10. Re1 cxd4 11. cxd4 Kh8 12. a3 f6 13. exf6 Nxf6 14. h3
Bd6 15. Rb1 Bd7 16. Be3 Rac8 17. Bc2 Be8 18. Ng5 Bf7 19. Nxf7+ Rxf7 20. Nc3
Na5 21. Qd3 h6 22. Bc1 Nb3 23. Nxd5 Qxd4 24. Qxd4 Nxd4 25. Bg6 Rff8 26.
Nxf6 Rxf6 27. Be4 b6 28. Be3 Nb3 29. Rbd1 Bc5 30. Bxc5 Nxc5 31. Bb1 Rcf8
32. f3 Na4 33. Re2 Rc8 34. Rde1 a5 35. Kh2 Re8 36. Rd2 e5 37. Rxe5 Rc8 38.
Re7 g5 39. Rdd7 Nxb2 40. Ba2 Rf7 41. Rxf7 Nc4 42. Bxc4 Rxc4 43. Rd8# {
Black checkmated } 1-0